 Dungeon Sprint DCSS version 0.31-a0-664-g902f515a81 (webtiles) character file.

Game seed: 10320241829872471348

4786 rocky1 the Black Belt (level 10, -2/72 HPs)
             Began as a Djinni Shapeshifter on Sept 3, 2023.
             Was an Initiate of Gozag.
             Slain by an ice devil (30 damage)
             ... in the Dungeon (Sprint VII: "The Pits").
             The game lasted 00:08:28 (2675 turns).

rocky1 the Black Belt (Djinni Shapeshifter)         Turns: 2675, Time: 00:08:28

Health: -2/72      AC: 18    Str: 13    XL:     10   Next: 76%
Gold:   1776       EV: 11    Int: 11    God:    Gozag SH:  0 Dex: 21

rFire   + +          .
                       - Unarmed
rCold   x . .        (no shield)
rNeg    . . .        u - +4 chain mail
rPois   ∞            (helmet currently unavailable)
rElec   +            (cloak currently unavailable)
rCorr   +            (gloves currently unavailable)
SInv    .            (boots unavailable)
Will    +++..        v - amulet "Ogaogacsoe" {Acrobat -Cast rElec rPois Regen+ Dex+3} Stlth
                     b - +3 ring of protection
HPRegen 1.12/turn    n - ring of Hedonism {Will++ rCorr}
MPRegen 0.00/turn

%: no teleportation, no spellcasting, acrobat, infuse magic (-3 HP)
@: beast-form, gold aura, flying
A: beast (slay +4), flying, sickness immunity, fire resistance 2, cold
vulnerability 1, float, innate caster, HP casting, extra vitality 1
a: Begin Untransformation, Renounce Religion, Potion Petition, Call Merchant,
Bribe Branch


You were in the Dungeon.
You worshipped Gozag.
Gozag was most pleased with you.
You were a hulking beast.
You visited 1 branch You collected 3753 gold pieces.
You spent 1504 gold pieces at shops.
You paid 473 gold pieces to Gozag.

Inventory:

Hand Weapons
 a - a +2 scimitar of holy wrath
 o - a +2 long sword of holy wrath
Armour
 m - a +3 ring mail
 u - a +4 chain mail (worn)
Jewellery
 b - a +3 ring of protection (left hand)
 n - the ring of Hedonism (right hand) {Will++ rCorr}
   (You bought it in a shop in the Dungeon)

   [ring of resist corrosion]

   Will++:    It greatly increases your willpower.
   rCorr:     It protects you from acid and corrosion.
 p - a +3 ring of strength
 v - the amulet "Ogaogacsoe" (around neck) {Acrobat -Cast rElec rPois Regen+ Dex+3}
   (You bought it in a shop in the Dungeon)

   [amulet of the acrobat]

   Acrobat:   It increases your evasion while moving and waiting.
   Dex+3:     It affects your dexterity (+3).
   rElec:     It insulates you from electricity.
   rPois:     It protects you from poison -Cast: It prevents spellcasting.
   Regen+:    It increases your rate of health regeneration.
Talismans
 c - a beast talisman (active)
 d - a flux talisman
Scrolls
 i - a scroll of blinking
 k - 2 scrolls of vulnerability
 l - a scroll of summoning
Potions
 e - 7 potions of curing
 f - 9 potions of heal wounds
 g - a potion of haste
 h - 3 potions of berserk rage
 j - 2 potions of invisibility
 q - a potion of mutation
 r - a potion of might
 s - 2 potions of resistance
 t - a potion of brilliance


   Skills:
 + Level 6.1 Fighting
 + Level 8.8 Armour
 + Level 8.6 Dodging
 + Level 18.2 Unarmed Combat
 * Level 8.7 Shapeshifting


You knew the following spells:

 Your Spells              Type           Power      Damage    Failure   Level
a - Sandblast             Erth           0%         2d4       99%         1
b - Static Discharge      Conj/Air       0%         2-2/arc   100%        2
c - Hailstorm             Conj/Ice       0%         3d3       100%        3
d - Ignite Poison         Fire/Tmut/Pois 0%         N/A       100%        3
Your spell library was empty.


Dungeon Overview and Level Annotations

Branches:
Dungeon (1/1)

Altars:
Ashenzari
Cheibriados
Dithmenos
Elyvilon
Fedhas
Gozag
Hepliaklqana
Makhleb
Nemelex Xobeh
Okawaru
Qazlal
Ru
Trog
Uskayaw
Wu Jian
Xom
Yredelemnul
Zin
The Shining One
Jiyva
Lugonu

Shops:
D =


Innate Abilities, Weirdness & Mutations

You are a hulking beast.
Your limbs bulge with bestial killing power. (Slay +4)
You are flying.
You are immune to sickness and miasma.
You are immune to poison.
Your flesh is very heat resistant. (rF++)
You are vulnerable to cold. (rC-)
You float through the air rather than walking.
You learn spells naturally, not from books.
Your magical power is your life essence.
You have superior vitality. (+4 MHP)


Message History

You hit the gnoll.
The gnoll is lightly wounded.
You pummel the gnoll!!
You kill the gnoll!
No target in view!
No target in view!
No target in view!
No target in view!
No target in view!
No target in view!
You now have 1416 gold pieces (gained 45).
You now have 1479 gold pieces (gained 63).
You see here a +0 club.
You now have 1722 gold pieces (gained 243).
There is an open door here.
You now have 1776 gold pieces (gained 54).
You reach down and open the door.
An ice devil and a phantom come into view.
Unknown command.
Unknown command.
Okay, then.
Unknown command.
You barely miss the phantom. Your punch misses the phantom.
The phantom hits you but does no damage.
You miss the phantom. You pummel the phantom!!
The phantom is severely damaged.
The phantom hits you but does no damage.
You pummel the phantom!!
You destroy the phantom!
You hit the ice devil but do no damage. You punch the ice devil!
The ice devil is moderately wounded.
You hit the ice devil but do no damage. You punch the ice devil!
The ice devil is heavily wounded.
The ice devil hits you! The ice devil freezes you!!
You feel a terrible chill!
You hit the ice devil but do no damage. You punch the ice devil.
The ice devil is severely wounded.
The ice devil hits you. The ice devil freezes you!!
You feel a terrible chill!
You die...
Your body crumbles into a pile of gold.

..)∩........+
..#).#......#
..).........#
#####''######
...##''##### ###
...##......# ....
...##......# ....#
...###....## ####...#
...# ##''## ###.h4...+
...###....###....##+##
...##......#....##...##
#####......'....'.....+
#####......#)...##)..##
.[[###....###....##+##
.[[# ##''## ###..')..+
.))###....## ####...###
.))##......#
##.......##


You could see an ice devil.

Vanquished Creatures
  A great orb of eyes (D)
  A two-headed ogre (D)
  A manticore (D)
  A gargoyle (D)
  An ice devil (D)
  A yaktaur (D)
  A red devil (D)
  A hornet (D)
  A water elemental (D)
  A shadow (D)
  A floating eye (D)
  An acid dragon (D)
  Duvessa (D)
  An ogre (D)
  A phantom (D)
  6 wolves (D)
  A bullfrog (D)
  11 wights (D)
  Dowan (D)
  An iron imp (D)
  A hell rat (D)
  A gnoll (D)
  A river rat (D)
  An ufetubus (D)
  An adder skeleton (D)
  An adder zombie (D)
  3 worms (D)
  A bat (D)
  A bat zombie (D)
  A giant cockroach (D)
  A goblin (D)
  2 jackals (D)
  A quokka (D)
  2 ball pythons (D)
  A ball python skeleton (D)
  A frilled lizard (D)
55 creatures vanquished.

Notes
Turn   | Place    | Note
-------+----------+-------------------------------------------
     0 | D        | rocky1 the Djinni Shapeshifter began the quest for the Orb.
     0 | D        | Reached XP level 1. HP: 17/17 MP: 0/0
    46 | D        | Found a bloodstained altar of Trog.
    46 | D        | Found a viscous altar of Jiyva.
    46 | D        | Found a hazy altar of Hepliaklqana.
    46 | D        | Found an opulent altar of Gozag.
    47 | D        | Found a glowing golden altar of the Shining One.
    47 | D        | Found a glowing silver altar of Zin.
    47 | D        | Found a basalt altar of Yredelemnul.
    47 | D        | Found a shimmering altar of Xom.
    47 | D        | Found an ornate altar of the Wu Jian Council.
    47 | D        | Found a sacrificial altar of Ru.
    47 | D        | Found a stormy altar of Qazlal.
    47 | D        | Found an iron altar of Okawaru.
    47 | D        | Found a sparkling altar of Nemelex Xobeh.
    47 | D        | Found a burning altar of Makhleb.
    47 | D        | Found a blossoming altar of Fedhas.
    47 | D        | Found a white marble altar of Elyvilon.
    47 | D        | Found a shadowy altar of Dithmenos.
    47 | D        | Found a snail-covered altar of Cheibriados.
    50 | D        | Found a corrupted altar of Lugonu.
    51 | D        | Found a hide-covered altar of Uskayaw.
    51 | D        | Found a broken altar of Ashenzari.
    54 | D        | Became a worshipper of Gozag Ym Sagoz the Greedy
    73 | D        | Reached XP level 2. HP: 21/22 MP: 0/0
   128 | D        | Reached skill level 4 in Unarmed Combat
   180 | D        | Reached XP level 3. HP: 27/27 MP: 0/0
   180 | D        | Learned a level 1 spell: Sandblast
   200 | D        | Reached skill level 5 in Unarmed Combat
   200 | D        | Reached XP level 4. HP: 18/32 MP: 0/0
   327 | D        | Noticed a wight
   327 | D        | Noticed a wight
   327 | D        | Noticed a wight
   327 | D        | Noticed a wight
   333 | D        | Killed a wight
   334 | D        | Reached skill level 6 in Unarmed Combat
   334 | D        | Reached skill level 5 in Shapeshifting
   334 | D        | Reached XP level 5. HP: 26/38 MP: 0/0
   334 | D        | Learned a level 2 spell: Static Discharge
   343 | D        | Reached skill level 7 in Unarmed Combat
   344 | D        | Reached skill level 8 in Unarmed Combat
   344 | D        | Reached XP level 6. HP: 45/45 MP: 0/0
   349 | D        | Reached skill level 5 in Dodging
   349 | D        | Reached skill level 9 in Unarmed Combat
   349 | D        | Noticed an ogre
   357 | D        | Killed an ogre
   358 | D        | Reached skill level 10 in Unarmed Combat
   358 | D        | Reached XP level 7. HP: 49/50 MP: 0/0
   358 | D        | Learned a level 3 spell: Hailstorm
   656 | D        | Reached skill level 11 in Unarmed Combat
   909 | D        | Reached skill level 12 in Unarmed Combat
   917 | D        | Reached skill level 1 in Armour
   917 | D        | Reached XP level 8. HP: 58/58 MP: 0/0
  1220 | D        | Noticed a water elemental
  1227 | D        | Killed a water elemental
  1228 | D        | Reached skill level 13 in Unarmed Combat
  1249 | D        | Noticed a hornet
  1249 | D        | Noticed a two-headed ogre
  1260 | D        | Killed a hornet
  1261 | D        | Reached skill level 14 in Unarmed Combat
  1271 | D        | Killed a two-headed ogre
  1272 | D        | Reached skill level 5 in Fighting
  1272 | D        | Reached skill level 15 in Unarmed Combat
  1272 | D        | Reached XP level 9. HP: 18/65 MP: 0/0
  1272 | D        | Learned a level 3 spell: Ignite Poison
  1746 | D        | Bought the ring of Hedonism {Will++ rCorr} for 697 gold
                  | pieces
  1746 | D        | Bought the amulet "Ogaogacsoe" {Acrobat -Cast rElec rPois
                  | Regen+ Dex+3} for 807 gold pieces
  1766 | D        | Noticed Duvessa
  1766 | D        | Noticed Dowan
  1766 | D        | Noticed a red devil
  1766 | D        | Noticed an ice devil
  1780 | D        | Killed Duvessa
  1784 | D        | Killed an ice devil
  1791 | D        | Killed a red devil
  1792 | D        | Reached skill level 5 in Armour
  1792 | D        | Reached skill level 16 in Unarmed Combat
  1795 | D        | Killed Dowan
  2155 | D        | Noticed a manticore
  2169 | D        | Killed a manticore
  2170 | D        | Reached skill level 17 in Unarmed Combat
  2170 | D        | Reached XP level 10. HP: 27/72 MP: 0/0
  2390 | D        | Noticed a gargoyle
  2435 | D        | Killed a gargoyle
  2574 | D        | Noticed a great orb of eyes
  2574 | D        | Noticed a yaktaur
  2586 | D        | Killed a great orb of eyes
  2597 | D        | Killed a yaktaur
  2627 | D        | Reached skill level 18 in Unarmed Combat
  2664 | D        | Noticed an ice devil
  2675 | D        | Slain by an ice devil

Illustrated notes

Levels and vault maps discovered:
D:        pitsprint [storerooms_1, entrance_room_1, metal_vault_2, armoury_1,
          mini_pit_1, grid_room_1, main_hall_1, silver_pit, the_coven_1,
          the_vestibule_1, steel_vault_3, golden_pit, hallway_of_sentries,
          crystal_vault_1, iron_vault_3, final_vault]

Skill      XL: |  1  2  3  4  5  6  7  8  9 10 |
---------------+-------------------------------+-----
Shapeshifting  | 3 4 5 6 7 8 |  8.7
Unarmed Combat | 4 5 6 8 10 12 15 17 18 | 18.2
Dodging        | 3 4 5 6 7 8 |  8.6
Fighting       | 2 3 4 5 6 |  6.1
Armour         | 1 3 6 8 |  8.8

Action                     |  1- 3 |  4- 6 |  7- 9 | 10-12 || total
---------------------------+-------+-------+-------+-------++-------
  Melee: Unarmed           |    48 |    28 |    94 |    70 ||   240
         Punch             |       |     1 |     8 |     8 ||    17
 Invoke: Call Merchant     |       |       |     1 |       ||     1
    Use: Potion            |       |     2 |     1 |       ||     3
   Stab: Distracted        |       |       |       |     1 ||     1
 Armour: Animal skin       |    20 |     2 |       |       ||    22
         Chain mail        |       |     4 |    67 |    35 ||   106
         Skin              |       |     7 |       |       ||     7
  Dodge: Dodged            |    32 |     7 |    36 |    32 ||   107

Table legend: (Time is in decaauts)
 A = Elapsed time spent in this place.
 B = Non-inter-level travel time spent in this place.
 C = Inter-level travel time spent in this place.
 D = Time resting spent in this place.
 E = Time spent auto-exploring this place.
 F = Levels seen in this place.
 G = Mean time per level.
                   A        B        C        D        E       F      G
               +--------+--------+--------+--------+--------+-----+--------+
         Total |   2630 |   2562 |     68 |   1880 |      0 |   1 | 2630.0 |
       Dungeon |   2630 |   2562 |     68 |   1880 |      0 |   1 | 2630.0 |
               +--------+--------+--------+--------+--------+-----+--------+

Top non-repeatable levels by time:
       D: 2630 daAuts
